 Dungeon Crawl Stone Soup version 0.22.1-1-ga44c0e5 (webtiles) character file.

1740 mandick the Ruffian (level 8, 0/70 HPs)
             Began as a Pale Draconian Transmuter on Sept 30, 2018.
             Was a Believer of Makhleb.
             Killed by vampiric draining
             ... invoked by a vampire
              (9 damage)
             ... on level 7 of the Dungeon.
             The game lasted 00:20:51 (7695 turns).

mandick the Ruffian (Pale Draconian Transmuter)     Turns: 7695, Time: 00:20:51

Health: 0/70       AC:  7    Str: 15    XL:     8   Next: 77%
Magic:  4/11       EV: 14    Int: 13    God:    Makhleb [**....]
Gold:   388        SH:  0    Dex: 12    Spells: 8/11 levels left

rFire    . . .     SeeInvis .     - Unarmed
rCold    . . .     Gourm    .   (no shield)
rNeg     . . .     Faith    .   (armour unavailable)
rPois    .         Spirit   .   (helmet restricted)
rElec    .         Reflect  .   (no cloak)
rCorr    .         Harm     .   o - +0 pair of gloves
MR       .....                  (no boots)
Stlth    +.........             (no amulet)
HPRegen  0.21/turn              (no ring)
MPRegen  0.12/turn              (no ring)

@: confused, short of breath
A: breathe steam, unfitting armour, cold-blooded, AC +6
a: Breathe Steam, Minor Destruction, Renounce Religion


You were on level 7 of the Dungeon.
You worshipped Makhleb.
Makhleb was pleased with you.
You were not hungry.

You visited 1 branch of the dungeon, and saw 7 of its levels.

You collected 388 gold pieces.

Inventory:

Hand Weapons
 g - a +0 dagger of venom
 s - a +4 short sword
 B - the cursed +0 hand axe "Zagomeuxt" {chop, rN+++, unknown}
   (You found it on level 6 of the Dungeon)

   It inflicts extra damage upon your enemies.
   It renders you almost immune to negative energy.
   It has a curse placed upon it.
Missiles
 a - 101 arrows
 y - 7 tomahawks (quivered)
Armour
 o - a +0 pair of gloves (worn)
Wands
 d - a wand of enslavement (13)
 w - a wand of flame (21)
Scrolls
 e - 6 scrolls of teleportation
 f - a scroll of magic mapping {unknown}
 h - 2 scrolls of enchant weapon {unknown}
 n - 3 scrolls of fear {unknown}
 p - 2 scrolls of noise {unknown}
 t - 3 scrolls of remove curse {unknown}
 x - a scroll of identify
Potions
 b - a potion of brilliance
 i - a potion of ambrosia
 j - 2 potions of curing {unknown}
 k - 3 potions of flight
 l - a potion of agility {unknown}
 m - a potion of haste {unknown}
 q - a potion of resistance {unknown}
 r - 2 potions of lignification {unknown}
 u - a potion of berserk rage {unknown}
 v - 2 potions of invisibility
 z - a potion of heal wounds {unknown}
 A - a potion of might {unknown}
 C - a potion of magic {unknown}
Comestibles
 c - 4 rations


   Skills:
 + Level 6.2 Fighting
 + Level 5.4 Dodging
 + Level 6.3 Unarmed Combat
 - Level 2.0 Spellcasting
 + Level 5.9 Transmutations


You had 8 spell levels left.
You knew the following spells:

 Your Spells              Type           Power        Failure   Level  Hunger
a - Beastly Appendage     Tmut           ###...       2%          1    ##.....
b - Sticks to Snakes      Tmut           ###.....     3%          2    ###....

Your spell library contained the following spells:

 Spells                   Type           Power        Failure   Level  Hunger
 Spider Form              Tmut/Pois      #.........   22%         3    ####...
 Blade Hands              Tmut           ###.......   52%         5    ######.
 Ice Form                 Ice/Tmut       #.......     58%         4    #####..


Dungeon Overview and Level Annotations

Branches:
Dungeon (7/15)
 Temple: D:4-7

Altars:
Fedhas
Gozag
Makhleb
Qazlal
Trog
Wu Jian


Innate Abilities, Weirdness & Mutations

You can breathe blasts of scalding, opaque steam.
Your pale cyan-grey scales are hard. (AC +6)
You cannot fit into any form of body armour.
You are cold-blooded and may be slowed by cold attacks.


Message History

Unknown command.
Unknown command.
Casting: Sticks to Snakes (safe; 3% risk of failure)
Confirm with . or Enter, or press ? or * to list all spells.
You create a snake!
You now have 101 arrows.
The vampire is engulfed in a cloud of scalding steam.
The vampire gestures at you while chanting.
You are confused.
The vampire is engulfed in a cloud of scalding steam.
The vampire gestures wildly while chanting.
The vampire flickers and vanishes!
Deactivating autopickup; reactivate with Ctrl-A.
Something barely misses you. Something bites you.
* * * LOW HITPOINT WARNING * * *
Something draws strength from your injuries!
Your adder bites something but does no damage.
You bump into the rock wall.
Your horns disappear.
Unholy energy fills the air.
You die...

#.......##...## ##..#
#...........## #..# #
....##..#..###### #..#
## #...## #.###.....
#..# ###. .....
......#.######..###..#
. $...... ..<........##
##. #.#.. ............#
....#...##..#####....##
.......@#<.# ##...#
.⌠..#...{#### ##...# .
#...!S..#####....#
.......##...........#
....###.###.#........#
.⌠.. ##. #..##.....##
... .....##.....# ..
......^.#.....#
#....####.....#


You could see a friendly adder.

Vanquished Creatures
  Pikel (D:6)
  A hippogriff (D:6)
  An orc warrior (D:6)
  2 centaurs (D:6)
  An ogre (D:5)
  2 howler monkeys (D:6)
  An electric eel (D:6)
  3 crimson imps
  A jelly (D:5)
  A bullfrog zombie (D:5)
  2 orc priests
  3 hounds
  A centaur skeleton (D:6)
  An iguana (D:5)
  5 worker ants
  4 gnolls
  7 adders
  2 oozes
  An adder zombie (D:5)
  A worm (D:3)
  A dart slug (D:1)
  2 leopard geckos
  4 orcs
  A ball python (D:3)
  5 bats
  7 giant cockroaches
  4 goblins
  8 hobgoblins
  7 jackals
  A quokka (D:7)
  3 frilled lizards
  6 kobolds
  A quokka skeleton (D:4)
  8 rats
99 creatures vanquished.

Vanquished Creatures (collateral kills)
  2 orc wizards (D:3)
  2 orcs
4 creatures vanquished.

Grand Total: 103 creatures vanquished

Notes
Turn   | Place    | Note
-------+----------+-------------------------------------------
     0 | D:1      | mandick the Draconian Transmuter began the quest for the
                  | Orb.
     0 | D:1      | Reached XP level 1. HP: 16/16 MP: 3/3
   321 | D:1      | Reached XP level 2. HP: 21/23 MP: 5/5
  1278 | D:2      | Reached XP level 3. HP: 23/29 MP: 4/6
  1284 | D:2      | Learned a level 2 spell: Sticks to Snakes
  1591 | D:2      | Found a blossoming altar of Fedhas.
  1909 | D:2      | Reached XP level 4. HP: 22/36 MP: 7/7
  2320 | D:3      | Found a burning altar of Makhleb.
  2335 | D:3      | Became a worshipper of Makhleb the Destroyer
  2576 | D:3      | Reached XP level 5. HP: 32/42 MP: 8/8
  3679 | D:4      | Found an ornate altar of the Wu Jian Council.
  3688 | D:4      | Reached * piety under Makhleb
  3836 | D:4      | Reached XP level 6. HP: 28/51 MP: 9/9
  4413 | D:5      | Entered Level 5 of the Dungeon
  5061 | D:5      | Your scales start taking on a pale cyan-grey colour.
  5061 | D:5      | Reached XP level 7. HP: 59/59 MP: 8/10
  5146 | D:5      | Reached skill level 5 in Unarmed Combat
  5352 | D:5      | Found a bloodstained altar of Trog.
  5868 | D:6      | Found an opulent altar of Gozag.
  5991 | D:6      | Noticed Pikel
  6005 | D:6      | Killed Pikel
  6005 | D:6      | Reached skill level 5 in Fighting
  6005 | D:6      | Reached skill level 5 in Transmutations
  6005 | D:6      | Reached XP level 8. HP: 44/69 MP: 11/11
  6252 | D:6      | Got a jewelled hand axe
  6294 | D:6      | Found a stormy altar of Qazlal.
  6583 | D:6      | Reached skill level 5 in Dodging
  6899 | D:7      | Noticed a hippogriff
  6914 | D:7      | HP: 3/69 [centaur/arrow (5)]
  7410 | D:6      | Killed a hippogriff
  7639 | D:7      | Reached ** piety under Makhleb
  7695 | D:7      | Killed from afar by a vampire

Skill      XL: |  1  2  3  4  5  6  7  8 |
---------------+-------------------------+-----
Dodging        | 2 3 4 5 |  5.4
Fighting       | 2 3 4 5 6 |  6.2
Transmutations | 3 4 5 |  5.9
Unarmed Combat | 4 5 6 |  6.3
Spellcasting   | |  2.0

Action                   |  1- 3 |  4- 6 |  7- 9 || total
-------------------------+-------+-------+-------++-------
Melee: Unarmed           |   139 |   160 |   138 ||   437
       Tailslap          |    17 |    18 |    21 ||    56
       Headbutt          |     1 |     3 |    13 ||    17
       Kick              |     4 |    22 |    13 ||    39
       Punch             |       |     4 |     3 ||     7
       Dagger            |       |    41 |       ||    41
       Short sword       |       |    10 |       ||    10
 Cast: Beastly Appendage |     4 |    13 |    14 ||    31
       Sticks to Snakes  |       |     2 |     9 ||    11
 Abil: Breathe Steam     |       |       |     6 ||     6
  Use: Scroll            |       |     3 |       ||     3
       Potion            |       |       |     2 ||     2
  Eat: Chunk             |     3 |     7 |     7 ||    17
       Ration            |       |     1 |     1 ||     2
Armor: Skin              |    35 |    62 |    36 ||   133
Dodge: Dodged            |    83 |   146 |   104 ||   333
